 Dungeon Crawl Stone Soup version 0.29-a0-231-g945431f764 (webtiles) character file.

Game seed: 16897727345108765325

3566 drugrobin the Cleaver (level 9, -5/70 (71) HPs)
             Began as a Demigod Fighter on Feb 28, 2022.
             Slain by a kobold brigand
             ... wielding a +1 whip of distortion
              (12 damage)
             ... on level 7 of the Dungeon.
             The game lasted 00:13:56 (8798 turns).

drugrobin the Cleaver (Demigod Fighter)             Turns: 8798, Time: 00:13:56

HP:   -5/70 (71)    AC:  9    Str: 26    XL:     9   Next: 54%
MP:   11/11         EV: 10    Int: 10    God:
Gold: 312           SH:  4    Dex: 13    Spells: 8/8 levels left

rFire   . . .      SeeInvis .   B - +11 flail of Regicide {vamp, Str+2}
rCold   . . .      Faith    .   c - +0 buckler
rNeg    . . .      Spirit   .   N - +2 ring mail of the Wasteland {Str-5 Slay+4}
rPois   .          Reflect  .   D - +0 helmet
rElec   .          Harm     .   (no cloak)
rCorr   .          Rampage  .   (no gloves)
Will    .....                   (no boots)
Stlth   +.........              (no amulet)
HPRegen 0.21/turn               (no ring)
MPRegen 0.12/turn               (no ring)

@: lethally poisoned (-5 -> -8), slowed, lightly drained, very slow
A: high MP 1, forlorn, divine attributes
a: no special abilities


You were on level 7 of the Dungeon.
You visited 1 branch of the dungeon, and saw 7 of its levels.
You also visited: Sewer.

You collected 312 gold pieces.

Inventory:

Hand Weapons
 a - a +0 war axe
 n - a +0 hunting sling
 v - a +1 rapier of venom
 B - the +11 flail of Regicide (weapon) {vamp, Str+2}
   (You found it on level 4 of the Dungeon)

   It occasionally heals its wielder for a portion of the damage dealt when it
   wounds a living foe.
   Str:       It affects your strength (+2).
 L - a +1 war axe of freezing
Missiles
 f - 10 boomerangs (quivered)
 h - 194 stones
 i - 17 poisoned darts
Armour
 b - a +0 scale mail
 c - a +0 buckler (worn)
 u - a +0 chain mail
 D - a +0 helmet (worn)
 H - a +0 pair of gloves
 N - the +2 ring mail of the Wasteland (worn) {Str-5 Slay+4}
   (You found it on level 7 of the Dungeon)

   Str:       It affects your strength (-5).
   Slay:      It affects your accuracy & damage with ranged weapons and melee
   (+4).
Jewellery
 M - a ring of ice
Wands
 l - a wand of polymorph (8)
 K - a wand of mindburst (9)
Scrolls
 e - 6 scrolls of identify {unknown}
 k - 3 scrolls of fog {unknown}
 o - 5 scrolls of teleportation {unknown}
 p - 4 scrolls of vulnerability {unknown}
 s - a scroll of brand weapon {unknown}
 x - a scroll of amnesia {unknown}
 y - 2 scrolls of magic mapping {unknown}
 z - a scroll of holy word {unknown}
 A - 2 scrolls of enchant armour {unknown}
 G - 2 scrolls of blinking {unknown}
 I - 2 scrolls of fear {unknown}
 J - a scroll of torment {unknown}
Potions
 d - a potion of might
 g - a potion of degeneration {unknown}
 j - 2 potions of lignification {unknown}
 m - a potion of invisibility {unknown}
 q - a potion of ambrosia {unknown}
 r - 2 potions of curing {unknown}
 t - a potion of flight {unknown}
 w - 2 potions of haste {unknown}
 C - a potion of mutation {unknown}
 E - a potion of cancellation {unknown}
 F - a potion of heal wounds {unknown}


   Skills:
 + Level 3.9 Fighting
 + Level 12.3 Axes
 - Level 3.9 Armour
 - Level 2.6 Shields
 + Level 0.0 Evocations


You had 8 spell levels left.
You didn't know any spells.
Your spell library contained the following spells:

 Spells                   Type           Power      Damage    Failure   Level
 Foxfire                  Conj/Fire      0%         2x1d4     58%         1
 Conjure Flame            Conj/Fire      0%         6-21      92%         3
 Inner Flame              Hex/Fire       0%         N/A       92%         3
 Tukima's Dance           Hex            0%         N/A       92%         3
 Flame Wave               Conj/Fire      0%         2d4       100%        4
 Leda's Liquefaction      Hex/Erth       0%         N/A       100%        4
 Passage of Golubria      Tloc           0%         N/A       100%        4
 Lee's Rapid Deconstruct  Erth           0%         3d5*      100%        5
 Yara's Violent Unravell  Hex/Tmut       0%         3d3       100%        5
 Statue Form              Tmut/Erth      0%         N/A       100%        6


Dungeon Overview and Level Annotations

Branches:
Dungeon (7/15)             Temple (0/1) D:6           Sewer (visited)

Annotations:
D:7 Pooter's ghost, novice TeBe


Innate Abilities, Weirdness & Mutations

You have an increased reservoir of magic. (+10% MP)
You shall have no god before yourself.
Your divine heritage dramatically boosts your attributes as you level up.


Message History

You feel extremely sick.
The kobold brigand throws a curare-tipped dart.
The curare-tipped dart completely misses you.
Unknown command.
Unknown command.
You feel very sick.
The kobold brigand hits you but does no damage.
You feel drained.
The kobold brigand hits you with a +0 club.
The kobold brigand hits you with a +1 whip of distortion.
Space warps around you.
* * * LOW HITPOINT WARNING * * *
Unknown command.
Unknown command.
Unknown command.
Unknown command.
You feel very sick.
Unknown command.
Unknown command.
Unknown command.
Unknown command.
Unknown command.
You feel sick.
The kobold brigand throws a poisoned dart.
The poisoned dart closely misses you.
The kobold brigand hits you with a +0 club.
* * * LOW HITPOINT WARNING * * *
Pooter's ghost shrieks, "You must not fail where I succeeded!"
Pooter's ghost hits you but does no damage.
Unknown command.
Unknown command.
Unknown command.
Unknown command.
Unknown command.
Unknown command.
You feel sick.
The kobold brigand hits you with a +1 whip of distortion.
* * * LOW HITPOINT WARNING * * *
Space warps horribly around you!
You die...

#.##.....### #..##'''##.# ####
#..........# #..##
#.......#### #...## #....K..#
#.#..# #...KKK.# #.##.#
#....KKK### ##
#.##.###...WK.K..### #.
##.##..##....@K.#...#########.
#..###..#####.#####....#......
#.## ##...###.## ####...#####
#.# ###...#..# ###.....# #.#
#....#.# ####....##.# ##.#
##.#...# #....#####.## #..#
#..##..# #.#### #... #.##
#.###..###.# #### #.# ##.#
#..#...# #


You could see 10 kobold brigands and Pooter's ghost.

Vanquished Creatures
  A hydra (D:7)
  The ghost of HuGe the Covered, a novice MiBe of Trog (D:5)
  2 water moccasins
  2 sky beasts (D:6)
  A black bear (D:7)
  3 ogres
  2 centaurs
  3 phantoms
  A kobold brigand (D:6)
  4 bullfrogs
  A necrophage (D:6)
  4 scorpions
  3 wights (D:6)
  2 hounds
  2 jellies (D:6)
  3 iguanas
  3 orc wizards
  Terence (D:3)
  Robin (D:4)
  6 gnolls (D:5)
  16 adders
  5 river rats (Sewer)
  2 white imps
  An ufetubus (D:5)
  5 worms
  3 dart slugs
  18 orcs
  19 ball pythons
  7 endoplasms
  3 giant cockroaches
  17 goblins
  6 hobgoblins
  5 jackals
  4 quokkas
  3 bats
  6 frilled lizards
  15 kobolds
  22 rats
203 creatures vanquished.

Vanquished Creatures (others)
  A withered plant (D:5)
1 creature vanquished.

Grand Total: 204 creatures vanquished

Notes
Turn   | Place    | Note
-------+----------+-------------------------------------------
     0 | D:1      | drugrobin the Demigod Fighter began the quest for the Orb.
     0 | D:1      | Reached XP level 1. HP: 18/18 MP: 3/3
    19 | D:1      | Reached skill level 2 in Axes
   151 | D:1      | Reached XP level 2. HP: 21/25 MP: 4/4
   424 | D:1      | Reached skill level 3 in Axes
   854 | D:2      | Reached XP level 3. HP: 30/30 MP: 5/5
  1234 | D:2      | Reached skill level 4 in Axes
  1367 | D:2      | Reached XP level 4. HP: 24/37 MP: 6/6
  1912 | D:3      | Noticed a bullfrog
  1921 | D:3      | Killed a bullfrog
  1922 | D:3      | Reached skill level 5 in Axes
  1922 | D:3      | Reached XP level 5. HP: 29/42 MP: 7/7
  2367 | D:3      | Noticed Terence
  2381 | D:3      | Killed Terence
  3099 | D:4      | Reached skill level 6 in Axes
  3167 | D:4      | Reached XP level 6. HP: 40/50 MP: 8/8
  3202 | D:4      | Identified the +11 flail of Regicide {vamp, Str+2}
  3521 | D:4      | Noticed Robin
  3530 | D:4      | Killed Robin
  3547 | D:4      | Found a glowing drain.
  3556 | Sewer    | Entered a sewer
  3929 | Sewer    | Reached skill level 7 in Axes
  4080 | Sewer    | Reached XP level 7. HP: 25/56 MP: 9/9
  4542 | D:5      | Entered Level 5 of the Dungeon
  4756 | D:5      | Reached skill level 8 in Axes
  5137 | D:5      | Found a runed translucent door.
  5947 | D:5      | Reached skill level 9 in Axes
  5995 | D:5      | Reached XP level 8. HP: 62/62 MP: 10/10
  6357 | D:5      | Noticed HuGe's ghost (novice MiBe)
  6373 | D:5      | Killed HuGe's ghost
  6374 | D:5      | Reached skill level 10 in Axes
  6907 | D:6      | Reached skill level 11 in Axes
  7200 | D:6      | Found a staircase to the Ecumenical Temple.
  7468 | D:6      | Reached XP level 9. HP: 54/67 MP: 11/11
  7995 | D:7      | Reached skill level 12 in Axes
  8216 | D:7      | Noticed a six-headed hydra
  8223 | D:7      | Killed a six-headed hydra
  8506 | D:7      | Found a runed translucent gate.
  8508 | D:7      | Found a runed translucent gate.
  8508 | D:7      | Found a runed translucent gate.
  8608 | D:7      | Identified the +2 ring mail of the Wasteland {Str-5 Slay+4}
  8785 | D:7      | Noticed Pooter's ghost (novice TeBe)
  8798 | D:7      | Slain by a kobold brigand

Illustrated notes

Levels and vault maps discovered:
D:1:      shiori_arrival_maze, layout_rooms
D:2:      layout_basic, ebering_ecumenical_altar_abandoned
D:3:      layout_loops_ring, uniq_terence
D:4:      layout_loops_ring, portal_sewer_entry_d, uniq_robin
D:5:      layout_basic, gammafunk_ghost_grave
D:6:      layout_loops_corners, minmay_temple_entry_stoned_glass,
          nrook_mini_backslash
D:7:      layout_rooms, mainiacjoe_overflow_brackets,
          gammafunk_ghost_nasty_kobolds

Skill      XL: |  1  2  3  4  5  6  7  8  9 |
---------------+----------------------------+-----
Axes           | 2 3 4 5 6 7 9 11 12 | 12.3
Fighting       | 3 |  3.9
Armour         | 3 |  3.9
Shields        | |  2.6

Action                   |  1- 3 |  4- 6 |  7- 9 || total
-------------------------+-------+-------+-------++-------
Melee: War axe           |   106 |   174 |    70 ||   350
       Rapier            |       |    36 |       ||    36
       Flail             |       |       |   123 ||   123
Throw: Boomerang         |    10 |    10 |     3 ||    23
       Dart              |       |       |    12 ||    12
Evoke: Wand              |       |       |     4 ||     4
Armor: Scale mail        |    47 |    15 |       ||    62
       Chain mail        |       |   111 |    83 ||   194
       Ring mail         |       |       |     2 ||     2
Dodge: Dodged            |    63 |    72 |    64 ||   199
Block: Buckler           |    31 |    48 |    32 ||   111

Table legend: (Time is in decaauts)
 A = Elapsed time spent in this place.
 B = Non-inter-level travel time spent in this place.
 C = Inter-level travel time spent in this place.
 D = Time resting spent in this place.
 E = Time spent auto-exploring this place.
 F = Levels seen in this place.
 G = Mean time per level.
                   A        B        C        D        E       F      G
               +--------+--------+--------+--------+--------+-----+--------+
         Total |   8987 |   8694 |    293 |   1569 |   5139 |   8 | 1123.4 |
       Dungeon |   8163 |   7870 |    293 |   1326 |   4856 |   7 | 1166.1 |
         Sewer |    823 |    823 |      0 |    243 |    282 |   1 |  823.0 |
               +--------+--------+--------+--------+--------+-----+--------+

Top non-repeatable levels by time:
     D:5: 1873 daAuts
     D:6: 1266 daAuts
     D:3: 1260 daAuts
     D:4: 1063 daAuts
     D:2: 932 daAuts
     D:7: 895 daAuts
     D:1: 870 daAuts
   Sewer: 823 daAuts
